 Dungeon Crawl Stone Soup version 0.30.1-11-g7821555f0a (webtiles) character file.

Game seed: 2916987109492896762

46 Ijustatesigmund the Firebug (level 3, -5/27 (29) HPs)
             Began as a Hill Orc Fire Elementalist on Nov 2, 2023.
             Slain by Crazy Yiuf
             ... wielding a +3 quarterstaff of chaos
              (14 damage)
             ... on level 2 of the Dungeon.
             The game lasted 00:02:40 (1826 turns).

Ijustatesigmund the Firebug (HOFE)                  Turns: 1826, Time: 00:02:41

HP:   -5/27 (29)    AC:  6    Str: 10    XL:     3   Next: 68%
MP:   0/5           EV: 12    Int: 17    God:
Gold: 52            SH:  0    Dex: 11    Spells: 2/5 levels left

rFire   . . .        c - +0 broad axe
rCold   . . .        (no shield)
rNeg    . . .        a - +0 robe
rPois   .            (no helmet)
rElec   .            (no cloak)
rCorr   .            (no gloves)
SInv    .            (no boots)
Will    .....        (no amulet)
Stlth   ++           d - +4 ring of protection
HPRegen 0.24/turn    f - ring of wizardry
MPRegen 0.09/turn

%: wizardry (x1)
@: lethally poisoned (-5 -> -11), drained
A: no striking features
a: no special abilities


You were on level 2 of the Dungeon.
You visited 1 branch of the dungeon, and saw 2 of its levels.

You collected 52 gold pieces.

Inventory:

Hand Weapons
 c - a +0 broad axe (weapon)
Armour
 a - a +0 robe (worn)
Jewellery
 d - a +4 ring of protection (left hand)
 f - a ring of wizardry (right hand)
 l - a ring of protection from fire
Scrolls
 e - a scroll of enchant armour {unknown}
 g - a scroll of immolation {unknown}
 j - 2 scrolls of identify
 m - a scroll of fear {unknown}
Potions
 b - a potion of magic
 h - a potion of might
 i - 2 potions of curing {unknown}
 k - a potion of berserk rage {unknown}


   Skills:
 - Level 2.2 Fighting
 + Level 3.2 Axes
 - Level 1.5 Dodging
 - Level 1.5 Stealth
 - Level 1.5 Spellcasting
 - Level 1.0 Conjurations
 - Level 3.2 Fire Magic


You had 2 spell levels left.
You knew the following spells:

 Your Spells              Type           Power      Damage    Failure   Level
a - Foxfire               Conj/Fire      32%        2x1d5     3%          1
b - Scorch                Fire           24%        2d6       3%          2

Your spell library contained the following spells:

 Spells                   Type           Power      Damage    Failure   Level
 Inner Flame              Hex/Fire       6%         N/A       12%         3
 Volatile Blastmotes      Fire/Tloc      12%        2d11      12%         3
 Flame Wave               Conj/Fire      8%         2d5       32%         4


Dungeon Overview and Level Annotations

Branches:
Dungeon (2/15)

Altars:
Vehumet

Annotations:
D:2 Crazy Yiuf


Message History

There is an open door here.
There is an open door here.
There is an open door here.
There is an open door here.
Found two hammers.
Found a runed translucent door.
You see here a +0 hammer.
Found a hammer.
You see here a +0 hammer.
You open the door.
Casting: Foxfire (safe; 3% risk of failure)
Confirm with . or Enter, or press ? or * to list all spells.
You conjure some foxfire!
The foxfire hits Crazy Yiuf.
Crazy Yiuf is lightly wounded.
Casting: Foxfire (safe; 3% risk of failure)
Confirm with . or Enter, or press ? or * to list all spells.
Flames lash Crazy Yiuf.
Crazy Yiuf is heavily wounded.
Crazy Yiuf's fire resistance burns away.
Crazy Yiuf cries, "Snurf arga fast!"
Crazy Yiuf hits you with a +3 quarterstaff of chaos.
You are poisoned.
Casting: Scorch (safe; 3% risk of failure)
Confirm with . or Enter, or press ? or * to list all spells.
Flames lash Crazy Yiuf.
Crazy Yiuf is burned terribly!
Crazy Yiuf is severely wounded.
You feel very sick.
Crazy Yiuf hits you with a +3 quarterstaff of chaos.
You feel drained.
You feel very sick. Crazy Yiuf barely misses you.
Casting: Scorch (safe; 3% risk of failure)
Confirm with . or Enter, or press ? or * to list all spells.
You don't have enough magic to cast this spell.
You closely miss Crazy Yiuf.
Crazy Yiuf is severely wounded.
You feel very sick.
Crazy Yiuf hits you with a +3 quarterstaff of chaos!
Ouch! That really hurt!
You die...

#.................##..........#..
#......(##........##........†.#..
#.......##........##..........#..
####....#################.....#..
#....# ##....##. #....#
♣♣♣♣♣###....##. ###### ###
♣♣♣)♣...##....'..
#..)#♣..♣......#...###
#...g@♣♣♣♣.........# # #)..#♣♣
♣♣..#.....# ### ♣♣####...# #...#
#####


You could see Crazy Yiuf (combustible).

Vanquished Creatures
  4 ball pythons
  4 bats
  4 endoplasms
  4 giant cockroaches
  3 goblins (D:1)
  4 hobgoblins
  3 jackals (D:1)
  A quokka (D:2)
  8 kobolds
  4 rats (D:2)
39 creatures vanquished.

Vanquished Creatures (others)
  33 foxfires
33 creatures vanquished.

Grand Total: 72 creatures vanquished

Notes
Turn   | Place    | Note
-------+----------+-------------------------------------------
     0 | D:1      | Ijustatesigmund the Hill Orc Fire Elementalist began the
                  | quest for the Orb.
     0 | D:1      | Reached XP level 1. HP: 14/14 MP: 3/3
   181 | D:1      | Reached skill level 1 in Fighting
   236 | D:1      | Reached XP level 2. HP: 16/24 MP: 1/4
   315 | D:1      | Learned a level 2 spell: Scorch
   353 | D:1      | Reached skill level 1 in Axes
   580 | D:1      | Found a faded altar of an unknown god.
   601 | D:1      | Reached XP level 3. HP: 29/29 MP: 1/5
  1362 | D:2      | Found a radiant altar of Vehumet.
  1815 | D:2      | Found a runed translucent door.
  1816 | D:2      | Noticed Crazy Yiuf
  1826 | D:2      | Slain by Crazy Yiuf

Illustrated notes

Levels and vault maps discovered:
D:1:      dpeg_arrival_signposts, layout_rooms, chequers_ecumenical_altar_island
D:2:      layout_basic, basic_altar, roderic_lattice_a, uniq_crazy_yiuf_cottage

Skill      XL: |  1  2  3 |
---------------+----------+-----
Fighting       | 2 |  2.2
Axes           | 2 3 |  3.2
Dodging        | |  1.5
Stealth        | |  1.5
Spellcasting   | |  1.5
Conjurations   | |  1.0
Fire Magic     | |  3.2

Action                     || total
---------------------------++-------
  Melee: Flail             ||     9
         Hand axe          ||    25
         Broad axe         ||    47
         Punch             ||     1
   Cast: Foxfire           ||    21
         Scorch            ||     5
    Use: Scroll            ||     2
 Armour: Robe              ||    52
  Dodge: Dodged            ||    88
